Workbook

Sheet survey
A1: type | B1: name | C1: choice_filter | D1: constraint | E1: required | F1: relevant | G1: calculation | H1: appearance | I1: label::Français | J1: constraint_message::Français | K1: hint::Français | L1: required_message::Français | M1: media::image::Français | N1: label::Arabic | O1: constraint_message::Arabic | P1: hint::Arabic | Q1: required_message::Arabic | R1: media::image::Arabic
A3: today | B3: I4
A4: start | B4: I7
A5: end | B5: end
A6: deviceid | B6: deviceid
A7: subscriberid | B7: subscriberid
A8: calculate | B8: minage | G8: 18
A9: calculate | B9: maxage | G9: 120
A11: begin group | B11: pid_hhsize | H11: field-list
A12: calculate | B12: pid | G12: once(pulldata('STEPS','member_id','hhid_key','1'))
A13: note | B13: pid_note | I13: PID : ${pid} | K13: Numéro d’identification du répondant | N13: PID: ${pid} | P13: الرقم التعريفى للمجيب
A14: calculate | B14: hh_size | G14: once(pulldata('STEPS','hh_size','hhid_key','1'))
A15: note | B15: hh_size_note | I15: Taille du ménage: ${hh_size} | N15: حجم الأسرة: ${hh_size}
A16: calculate | B16: device_id | G16: once(pulldata('STEPS','device_id','hhid_key','1'))
A17: barcode | B17: barcode | I17: Scanner le code QR sur la carte de rendez-vous au centre de soins du participant. | N17: امسح الباركود على بطاقة العيادة للمشارك
A18: end group
A19: begin group | B19: qrcode_manual
A20: text | B20: barcode_manual | D20: regex(., '[a-cA-C0-9]{5}') | E20: yes | F20: ${barcode} = '' | I20: Si vous ne pouvez pas scanner le code QR, SVP saisissez-le ci-dessous. | J20: SVP ne saisissez que les chiffres 0-9 et les lettres a-c (5 caractères au total). | N20: إذا كان لا يمكن مسح الباركود، يرجى ادخاله يدويا. | O20: a-c يرجى إدخال الأرقام فقط: 0-9 والحروف: (5 حروف/ارقام في المجموع)
A21: end group
A23: begin group | B23: location_date | I23: Lieu et Date | N23: المكان و الزمان
A25: integer | B25: I3 | D25: .>0 | E25: yes | I25: I3. Code ID de l'enquêteur | J25: Le code ID doit être un numéro positif. | L25: SVP saisir une réponse pour toutes les questions sur l’écran. | N25: I3. رمز الباحث الميداني | O25: يجب أن يكون الرقم رقم موجب | Q25: برجاء إدخال اجابة لجميع الأسئلة التي تظهر على الشاشة.
A26: end group
A28: begin group | B28: consent_language_name | I28: Consentement, Langue utilisée pour l'entretien et Nom | N28: الموافقة و اللغة و الاسم
A29: select_one y_n | B29: I5 | E29: yes | I29: I5. Le consentement a été lu et obtenu | N29: I5. تمت قرأة الاقرار و أخذ الموافقة على المشاركة في المسح
A30: select_one lang | B30: I6 | E30: yes | F30: ${I5} = '1' | I30: I6. Langue de l’entretien | N30: I6. اللغة المختارة
A31: text | B31: I8 | F31: ${I5} = '1' | G31: once(pulldata('STEPS','family_surname','hhid_key','1')) | I31: I8. Nom de famille | N31: I8. إسم العائلة
A32: text | B32: I9 | F32: ${I5} = '1' | G32: once(pulldata('STEPS','first_name','hhid_key','1')) | I32: I9. Prénom | N32: I9. اسم الشخص المشترك
A33: begin group | B33: phone | H33: field-list | I33: Numéro de téléphone (dans la mesure du possible)
A34: string | B34: I10a | D34: .>0 | F34: ${I5} = '1' | H34: numbers | I34: I10a. Tel fixe | J34: Vous ne pouvez pas saisir un numéro negatif. | N34: I10. رقم تليفون المنزل للاتصال حيث أمكن | O34: لا يمكن إدخال رقم سالب!
A35: string | B35: I10b | D35: .>0 | F35: ${I5} = '1' | H35: numbers | I35: I10b. Tel mobile | J35: Vous ne pouvez pas saisir un numéro negatif. | N35: I10. رقم تليفون النقال للاتصال حيث أمكن | O35: لا يمكن إدخال رقم سالب!
A36: end group
A37: end group
A39: begin group | B39: step1 | F39: ${I5} = '1' | I39: Step 1 | N39: الخطوة الأولى
A40: begin group | B40: demographics | I40: Informations démographiques | N40: معلومات سكانية
A41: select_one m_f | B41: C1 | E41: yes | G41: once(pulldata('STEPS','gender','hhid_key','1')) | I41: C1. Sexe | K41: Enregistrer comme observé. | N41: C1. الجنس | P41: راقب فقط، لا تسأل.
A42: begin group | B42: C2grp | H42: field-list | I42: Date de naissance | N42: تاريخ الميلاد
A43: note | B43: dobnote | I43: C2: Quelle est votre date de naissance ? | K43: Sélectionner "Ne sait pas" dans tous les champs si la date de naissance complète n'est pas connue. | N43: C2: ما هو تاريخ ميلادك؟ | P43: اختار "لا أعرف" في جميع المجالات إذا كان التاريخ الكامل للميلاد غير معروف.
A44: select_one time_dd | B44: C2a | E44: yes | H44: minimal | I44: jour | N44: اليوم
A45: select_one time_mm | B45: C2b | D45: (.>=1 and .<=12 and ${C2a}!=77) or (.=77 and ${C2a}=77) | E45: yes | H45: minimal | I45: mois | J45: Vous ne pouvez pas saisir une date de naissance partielle. Sélectionner "Ne sait pas" dans tous les champs si la date de naissance complète n'est pas connue. | N45: الشهر | O45: لايمكنك إدخال تاريخ جزئي للميلاد. حدد "لا أعرف" في جميع المجالات إذا كان التاريخ الكامل للميلاد غير معروف.
A46: select_one time_yyyy | B46: C2c | D46: (.<2017 and ${C2a}!=77 and ${C2b}!=77) or (.=7777 and ${C2a}=77 and ${C2b}=77) | E46: yes | H46: minimal | I46: année | J46: Vous ne pouvez pas saisir une date de naissance partielle. Sélectionner "Ne sait pas" dans tous les champs si la date de naissance complète n'est pas connue. | N46: االسنه | O46: لايمكنك إدخال تاريخ جزئي للميلاد. حدد "لا أعرف" في جميع المجالات إذا كان التاريخ الكامل للميلاد غير معروف.
A47: end group | B47: </C2grp>
A48: integer | B48: C3 | D48: .>=${minage} and .<=${maxage} | E48: yes | F48: ${C2a}='77' | G48: once(int(pulldata('STEPS','age','hhid_key','1'))) | I48: C3. Quel âge avez-vous ? | J48: L'âge doit être dans la tranche d'âge de l'enquête. | N48: C3. كم عمرك؟ | O48: يجب أن يكون العمر ضمن الفئة العمرية للمسح.
A49: integer | B49: C4 | D49: (.>=0 and .<=30) or .=77 | E49: yes | I49: C4. En tout, combien d'années avez-vous passé à l'école ou à suivre une formation à plein temps (sans compter la pré-scolarité)? | J49: Saisir un chiffre entre 0 et 30. | K49: Saisir «77» si inconnu. | N49: C4. ما هو اجمالي عدد السنوات التي قضيتها في الدراسة ؟ | O49: ادخل رقم بين 0 و 30 | P49: إذا كان الجواب لاأعرف ضع 77.
A50: select_one edu | B50: C5 | E50: yes | I50: C5. Quel est le plus haut niveau d'instruction que vous avez atteint? | N50: C5. ما هو أعلى مستوى تعليمي أتممته ؟
A51: select_one marital | B51: C7 | E51: yes | I51: C7. Quel est votre état civil? | N51: C7. ماهي حالتك الاجتماعية؟
A52: select_one work | B52: C8 | E52: yes | I52: C8. Laquelle des catégories suivantes décrit le mieux votre activité professionnelle principale ces 12 derniers mois? | N52: C8. أي من الفئات الآتية تصنف نوع عملك الأساسي خلال الاثني عشر شهرا الماضية ؟
A53: integer | B53: C9 | D53: (.>=${hh_size} and .<=30) or .=77 or .=88 | E53: yes | H53: minimal | I53: C9. Combien de personnes âgées de plus de 18 ans, y compris vous-même, habitent dans votre maison? | J53: Le nombre de personnes âgées de 18 ans ou plus ne peut être inférieur au nombre de personnes enregistré lors de la sélection du participant ou supérieur à 30. | K53: Saisir '77' si "ne sait pas" ou '88' si "refusé". | N53: C9. كم عدد الأشخاص الذى يبلغ عمرهم 18 عاما واكبر، بما فيهم أنت، يسكن معك بنفس المنزل؟ | O53: عدد الأشخاص الذين تتراوح أعمارهم بين 18 عاما لا يمكن أن يكونوا أقل من عدد الأشخاص المسجلين خلال اختيار المشاركين أو أكبر من 30. | P53: أدخل '77' إذا لم يكن يعرف و'88' إذا رفض الاجابة.
A54: begin group | B54: C10grp | F54: ${C9} != '77' and ${C9} != '88' | H54: field-list
A55: integer | B55: C10 | D55: .>0 | I55: C10. En prenant comme référence l'année passée, pouvez-vous me dire quels ont été les revenus moyens du ménage? | J55: Vous ne pouvez pas saisir un numéro negatif. | K55: Laisser vide et sélectionner «Refus» ou «Ne sait pas» ci-dessous si refusé ou inconnu. | N55: C10. خلال السنة الماضية كم بلغ معدل دخل الأسرة؟ | O55: لا يمكن إدخال رقم سالب! | P55: اتركه فارغا واختار "رفض" أدناه إذا رفض المجيب أو "لا أعرف" إذا لم يكن المجيب يعرف الاجابة.
A56: select_one time | B56: C10type | D56: ((selected(., 'week') or selected(., 'month') or selected(., 'year')) and ${C10} != '') or ((selected(., '88') or selected(., '77'))and ${C10} = '') | E56: yes | I56: Sélectionner si les revenus moyens sont par semaine, par mois ou par année, ou si le répondant a refusé de répondre ou il ne sait pas. | L56: Sélectionner si les revenus moyens sont par semaine, par mois ou par année, ou si le répondant a refusé de répondre ou il ne sait pas. | N56: حدد ما إذا كان متوسط الدخل بالأسبوع أوبالشهر أو بالسنة، أو ما إذا كان المجيب رفض الإجابة | Q56: حدد ما إذا كان متوسط الدخل بالأسبوع أو الشهر أو السنة، أو ما إذا كان المجيب رفض الإجابة أو لا يعرف.
A57: end group
A58: select_one quin | B58: C11 | E58: yes | F58: selected(${C10type}, '88') or selected(${C10type}, '77') or ${C9} = '77' or ${C9} = '88' | I58: C11. Si vous ne connaissez pas le montant, pouvez-vous me donner une estimation du revenu annuel du ménage si je vous lis quelques montants ? Est-ce... | K58: LIRE LES DIFFERENTS OPTIONS | N58: C11. إن كنت لا تعلم بدقة ما هو دخل الاسرة يمكنك وضع تقديرا شهريا لهذا الدخل (بالدرهم) | P58: أقرأ الخيارات
A59: end group
A61: begin group | B61: tobacco_use | I61: Consommation de tabac | N61: استهلاك التبغ
A62: note | B62: note1 | I62: Je vais maintenant vous poser des questions sur la consommation de tabac. | N62: سوف أطرح عليك بعض الأسئلة حول سلوكيات صحية مختلفة. هذه الأسئلة تشمل استهلاك التبغ ،الكحول، الفواكه والخضروات والنشاط البدني الآن نبدأ بأسئلة بخصوص استهلاك التبغ
A64: begin group | B64: T1grp | H64: field-list
A65: select_one y_n | B65: T1 | E65: yes | I65: T1. Fumez-vous actuellement des produits à base de tabac tels que cigarettes, cigares, chicha ou pipes ? | N65: T1. هل تدخن حاليا أي نوع من انواع التبغ التالية : السجائر، السيجار، الغليون / البايب أو الشيشة ؟
A66: note | B66: smoked_tb_showcard | I66: Produits à base de tabac fumé | M66: smoked_tobacco_fr.png | N66: منتجات التبغ المدخن | R66: smoked_tobacco_fr.png
A67: end group
A68: select_one y_n | B68: T2 | E68: yes | F68: ${T1} = '1' | I68: T2. Fumez-vous quotidiennement? | N68: T2. هل تدخن بصفة يومية أي نوع من انواع التبغ ؟
A69: integer | B69: T3 | D69: (.>=8 and .<=${maxage}) or .=777 | E69: yes | F69: ${T1} = '1' | I69: T3. A quel âge avez-vous commencé à fumer? | J69: L'âge doit être au moins 8 ans et ne doit pas être plus que l'âge maximum de l'enquête. | K69: Saisir «777» si inconnu. | N69: T3. كم كان عمرك عندما بدأت التدخين لأول مرة ؟ | O69: يجب أن يكون العمر لا يقل عن 8 ولا يزيد عن الحد الأقصى لعمرالمسح. | P69: أدخل '77' إن لم يكن معروفا.
A70: begin group | B70: T4grp | F70: ${T1} = '1' and (${T3} = '77' or ${T3} = '') | H70: field-list
A71: integer | B71: T4 | I71: T4. Depuis quand avez-vous commencé à fumer ? | K71: Laisser vide si inconnu; sinon, la réponse doit être entre 1 et 61 pour "années", entre 1 et 11 pour "mois", ou entre 1 et 30 pour "semaines". | N71: T4. هل تتذكر منذ متي بدأت التدخين لأول مرة ؟ | P71: اتركه فارغا إن لم يكن معروفا؛ خلاف ذلك، يجب أن تكون الإجابة بين 1 و 61 لسنوات، 1-11 لشهر، أو 1-30 لأسابيع.
A72: select_one time2 | B72: T4type | D72: (${T4type} = 'weeks' and ${T4} > 0 and ${T4} <= 30) or (${T4type} = 'months' and ${T4} > 0 and ${T4} <= 11) or (${T4type} = 'years' and ${T4} > 0 and ${T4} <=61) or (${T4type} = '77' and ${T4} = '') | E72: yes | I72: Indiquer si la réponse est en années, mois ou semaines, ou sélectionner "ne sait pas" si le répondant ne sait pas. | N72: .يرجى تحديد ما إذا كان الجواب بالسنوات أو الشهور، أو الأسابيع، أو ما إذا كان المجيب لا يعرف
A73: end group
A74: integer | B74: T5a | D74: (.>=0 and .<=50) or .=77 | E74: yes | F74: ${T2} = '1' | I74: T5a. Quelle quantité des cigarettes industrielles fumez-vous en moyenne chaque jour? | J74: Le nombre doit être entre 0 et 50. | K74: Saisir «77» si inconnu OU saisir «0» si le répondent ne fume pas de cigarettes industrielles chaque jour. | N74: T5a. فى المتوسط ، ما هى كميه السجائرالمصنعه التى تدخنها يوميا؟ | O74: يجب أن يكون الرقم بين 0 و 50 | P74: أدخل '77' إن لم يكن المجيب يعرف أو أدخل "0" إذا كان لا يدخن السجائرالعاديه يوميا.
A75: integer | B75: T5aw | D75: (.>=0 and .<=350) or .=777 | E75: yes | F75: ${T2} = '2' or ${T5a} = '0' | I75: T5aw. Quelle quantité des cigarettes industrielles fumez-vous en moyenne chaque semaine? | J75: Le nombre doit être entre 0 et 350. | K75: Saisir «777» si inconnu OU saisir «0» si le répondant ne fume pas de cigarettes industrielles chaque semaine. | N75: T5aw. فى المتوسط ، ما هى كميه السجائرالمصنعه التى تدخنها اسبوعيا؟ | O75: يجب أن يكون الرقم بين 0 و 350 | P75: أدخل '777' إن لم يكن المجيب يعرف أو أدخل "0" إذا كان لا يدخن السجائرالعاديه اسبوعيا.
A76: integer | B76: T5b | D76: (.>=0 and .<=50) or .=77 | E76: yes | F76: ${T2} = '1' | I76: T5b. Quelle quantité des cigarettes roulées fumez-vous en moyenne chaque jour? | J76: Le nombre doit être entre 0 et 50. | K76: Saisir «77» si inconnu OU saisir «0» si le répondent ne fume pas de cigarettes roulées chaque jour. | N76: T5b. فى المتوسط ، ما هى كميه السجائراللف التى تدخنها يوميا؟ | O76: يجب أن يكون الرقم بين 0 و 50 | P76: أدخل '77' إن لم يكن المجيب يعرف أو أدخل "0" إذا كان لا يدخن السجائراللف يوميا.
A77: integer | B77: T5bw | D77: (.>=0 and .<=350) or .=777 | E77: yes | F77: ${T2} = '2' or ${T5b} = '0' | I77: T5bw. Quelle quantité des cigarettes roulées fumez-vous en moyenne chaque semaine? | J77: Le nombre doit être entre 0 et 350. | K77: Saisir «777» si inconnu OU saisir «0» si le répondant ne fume pas de cigarettes roulées chaque semaine. | N77: T5bw. فى المتوسط ، ما هى كميه السجائراللف التى تدخنها اسبوعيا؟ | O77: يجب أن يكون الرقم بين 0 و 350 | P77: أدخل '777' إن لم يكن المجيب يعرف أو أدخل "0" إذا كان لا يدخن السجائراللف اسبوعيا.
A78: integer | B78: T5c | D78: (.>=0 and .<=50) or .=77 | E78: yes | F78: ${T2} = '1' | I78: T5c. Quelle quantité des pipes fumez-vous en moyenne chaque jour? | J78: Le nombre doit être entre 0 et 50. | K78: Saisir «77» si inconnu OU saisir «0» si le répondent ne fume pas de pipes chaque jour. | N78: T5c. فى المتوسط ، ما هى كميه الغليون التى تدخنها يوميا؟ | O78: يجب أن يكون الرقم بين 0 و 50 | P78: أدخل '77' إن لم يكن المجيب يعرف أو أدخل "0" إذا كان لا يدخن الغليون/كدوس يوميا.
A79: integer | B79: T5cw | D79: (.>=0 and .<=350) or .=777 | E79: yes | F79: ${T2} = '2' or ${T5c} = '0' | I79: T5cw. Quelle quantité des pipes fumez-vous en moyenne chaque semaine? | J79: Le nombre doit être entre 0 et 350. | K79: Saisir «777» si inconnu OU saisir «0» si le répondant ne fume pas de pipes chaque semaine. | N79: T5cw. فى المتوسط ، ما هى كميه الغليون التى تدخنها اسبوعيا؟ | O79: يجب أن يكون الرقم بين 0 و 350 | P79: أدخل '777' إن لم يكن المجيب يعرف أو أدخل "0" إذا كان لا يدخن الغليون/كدوس اسبوعيا.
A80: integer | B80: T5d | D80: (.>=0 and .<=50) or .=77 | E80: yes | F80: ${T2} = '1' | I80: T5d. Quelle quantité des cigars, cigarillos fumez-vous en moyenne chaque jour? | J80: Le nombre doit être entre 0 et 50. | K80: Saisir «77» si inconnu OU saisir «0» si le répondent ne fume pas de cigars, cigarillos chaque jour. | N80: T5d. فى المتوسط ، ما هى كميه السيجار/السيجار الصغيرالتى تدخنها يوميا؟ | O80: يجب أن يكون الرقم بين 0 و 50 | P80: أدخل '77' إن لم يكن المجيب يعرف أو أدخل "0" إذا كان لا يدخن السيجار/السيجار الصغير يوميا.
A81: integer | B81: T5dw | D81: (.>=0 and .<=350) or .=777 | E81: yes | F81: ${T2} = '2' or ${T5d} = '0' | I81: T5dw. Quelle quantité des cigars, cigarillos fumez-vous en moyenne chaque semaine? | J81: Le nombre doit être entre 0 et 350. | K81: Saisir «777» si inconnu OU saisir «0» si le répondant ne fume pas de cigars, cigarillos chaque semaine. | N81: T5dw. فى المتوسط ، ما هى كميه السيجار/السيجار الصغيرالتى تدخنها اسبوعيا؟ | O81: يجب أن يكون الرقم بين 0 و 350 | P81: أدخل '777' إن لم يكن المجيب يعرف أو أدخل "0" إذا كان لا يدخن السيجار/السيجار الصغير اسبوعيا.
A82: integer | B82: T5e | D82: (.>=0 and .<=50) or .=77 | E82: yes | F82: ${T2} = '1' | I82: T5e. Combien de séances chicha faites-vous en moyenne chaque jour? | J82: Le nombre doit être entre 0 et 50. | K82: Saisir «77» si inconnu OU saisir «0» si le répondent ne fume pas de chicha chaque jour. | N82: T5e. فى المتوسط ، ما هو عدد جلسات الشيشه التى تدخنها يوميا؟ | O82: يجب أن يكون الرقم بين 0 و 50 | P82: أدخل '77' إن لم يكن المجيب يعرف أو أدخل "0" إذا كان لا يدخن الشيشة يوميا.
A83: integer | B83: T5ew | D83: (.>=0 and .<=350) or .=777 | E83: yes | F83: ${T2} = '2' or ${T5e} = '0' | I83: T5ew. Combien de nombre de séances chicha faites-vous en moyenne chaque semaine? | J83: Le nombre doit être entre 0 et 350. | K83: Saisir «777» si inconnu OU saisir «0» si le répondant ne fume pas de chicha chaque semaine. | N83: T5ew. فى المتوسط ، ما هو عدد جلسات الشيشه التى تدخنها اسبوعيا؟ | O83: يجب أن يكون الرقم بين 0 و 350 | P83: أدخل '777' إن لم يكن المجيب يعرف أو أدخل "0" إذا كان لا يدخن الشيشه اسبوعيا.
A84: integer | B84: T5f | D84: (.>=0 and .<=50) or .=77 | E84: yes | F84: ${T2} = '1' | I84: T5f. Quelle quantité d´autres produits fumez-vous en moyenne chaque jour? | J84: Le nombre doit être entre 0 et 50. | K84: Ne saisissez que les autres produits du tabac non inclus dans les questions précédentes. Saisir «77» si inconnu OU «0» si le répondant ne fume pas d'autre produit quotidiennement. | N84: T5f. فى المتوسط ، ما هى كميه الانواع الأخرى التى تدخنها يوميا؟ | O84: يجب أن يكون الرقم بين 0 و 50 | P84: سجل فقط منتجات التبغ الأخرى غير المدرجة في الأسئلة السابقة. أدخل '77' إن لم يكن يعرف أو أدخل "0" إذا لم يكن المجيب يدخن انواع أخرى من منتجات التبغ يوميا.
A85: integer | B85: T5fw | D85: (.>=0 and .<=350) or .=777 | E85: yes | F85: ${T2} = '2' or ${T5f} = '0' | I85: T5fw. Quelle quantité d´autres produits fumez-vous en moyenne chaque semaine? | J85: Le nombre doit être entre 0 et 350. | K85: Ne saisissez que les autres produits du tabac non inclus dans les questions précédentes. Saisir «777» si inconnu OU «0» si le répondant ne fume pas d'autre produit chaque semaine. | N85: T5fw. فى المتوسط ، ما هى كميه الانواع الأخرى التى تدخنها اسبوعيا؟ | O85: يجب أن يكون الرقم بين 0 و 350 | P85: سجل فقط منتجات التبغ الأخرى غير المدرجة في الأسئلة السابقة. أدخل '77' إن لم يكن يعرف أو أدخل "0" إذا لم يكن المجيب يدخن انواع أخرى من منتجات التبغ اسبوعيا.
A86: text | B86: T5other | E86: yes | F86: (${T5f} > '0' and ${T5f} <='50' ) or (${T5fw} > '0' and ${T5fw} <='350' ) | I86: T5other. Veuillez préciser l' autre type de tabac vous fumez. | N86: T5other. ما هي الأنواع الاخرى التى تدخنها؟
A87: select_one y_n | B87: T6 | E87: yes | F87: ${T1} = '1' | I87: T6. Au cours des 12 derniers mois, est-ce que vous avez essayé d’arrêter de fumer? | N87: T6. هل حاولت إيقاف التدخين خلال الاثني عشر شهرا الماضية؟
A88: select_one quit | B88: T7 | E88: yes | F88: ${T1} = '1' | I88: T7. Lors d’une visite chez un médecin ou un autre professionnel de la santé au cours des 12 derniers mois, est-ce qu’on vous a conseillé d’arrêter de fumer? | N88: T7. هل تم توجيه النصيحة إليك بإيقاف التدخين عند أي زيارة للطبيب خلال الاثني عشر شهرا الماضية؟
A89: select_one y_n | B89: T8 | E89: yes | F89: ${T1} = '2' | I89: T8. Dans le passé, avez-vous déjà fumé? | N89: T8. هل قمت بتدخين أي نوع من منتجات التبغ في الماضي؟
A90: select_one y_n | B90: T9 | E90: yes | F90: ${T2} = '2' or ${T8} = '1' | I90: T9. Dans le passé, avez-vous déjà fumé quotidiennement? | N90: T9.هل قمت بالتدخين يوميا في الماضي؟
A91: integer | B91: T10 | D91: (.>=8 and .<=${maxage}) or .=777 | E91: yes | F91: ${T1} = '2' and ${T8} = '1' | I91: T10. Quel âge aviez-vous quand vous avez arrêté de fumer? | J91: L'âge doit être au moins 8 ans et ne doit pas être plus que l'âge maximum de l'enquête. | K91: Saisir «777» si inconnu. | N91: T10. كم كان عمرك عندما أقلعت عن التدخين؟ | O91: يجب أن يكون العمر لا يقل عن 8 ولا يزيد عن الحد الأقصى من المسح. | P91: أدخل '77' إن لم يكن معروفا.
A92: begin group | B92: T11grp | F92: ${T1} = '2' and ${T8} = '1' and ${T10} = '77' | H92: field-list
A93: integer | B93: T11 | I93: T11. Depuis quand avez-vous arrêté de fumer? | K93: Laisser vide si inconnu; sinon, la réponse doit être entre 1 et 61 pour "années", entre 1 et 11 pour "mois", ou entre 1 et 30 pour "semaines". | N93: T11. منذ متى أقلعت عن التدخين؟ | P93: اتركه فارغا إن لم يكن معروفا؛ خلاف ذلك، يجب أن تكون الإجابة بين 1 و 61 لسنوات، 1-11 لشهر، أو 1-30 لأسابيع.
A94: select_one time2 | B94: T11type | D94: (${T11type} = 'weeks' and ${T11} > 0 and ${T11} <= 30) or (${T11type} = 'months' and ${T11} > 0 and ${T11} <= 11) or (${T11type} = 'years' and ${T11} > 0 and ${T11} <=61) or (${T11type} = '77' and ${T11} = '') | E94: yes | I94: Indiquer si la réponse est en années, mois ou semaines, ou sélectionner "ne sait pas" si le répondant ne sait pas. | N94: .يرجى تحديد ما إذا كان الجواب بالسنوات أو الشهور، أو الأسابيع، أو ما إذا كان المجيب لا يعرف
A95: end group
A97: begin group | B97: T12grp | H97: field-list
A98: select_one y_n | B98: T12 | E98: yes | I98: T12. Consommez-vous actuellement du tabac non fumé tel que tabac à priser, tabac à mâcher ? | N98: T12. هل تستعمل حالياً التبغ بدون دخان/ غير المدخن؟ (تمباك / صعوط / سفة)
A99: note | B99: smokeless_tb_showcard | I99: Produits à base de tabac non fumé | M99: smokeless_tobacco_fr.png | N99: منتجات التبغ غير المدخن | R99: smokeless_tobacco_fr.png
A100: end group
A102: select_one y_n | B102: T13 | F102: ${T12} = '1' | I102: T13. En consommez-vous quotidiennement? | N102: T13. هل تستعمل حالياً هذه الأنواع من التبغ بدون دخان/ غير المدخن -( تمباك / صعوط / سفة/.... ) بشكل يومى؟
A103: integer | B103: T14a | D103: (.>=0 and .<=50) or .=77 | E103: yes | F103: ${T13} = '1' | I103: T14a. En moyenne, combien de fois par jour consommez-vous le tabac à priser (voie orale), Kala/ Shama ? | J103: Le nombre doit être entre 0 et 50. | K103: Saisir «77» si inconnu OU saisir «0» si le répondent ne consomme pas de tabac à priser (voie orale), Kala/ Shama chaque jour. | N103: T14a. ما هو معدل استهلاكك اليومي لهذه الانواع : نفحه بالفم ( الشمه / الكاله) ؟ | O103: يجب أن يكون الرقم بين 0 و 50 | P103: أدخل '77' إذا كان المجيب لا يعرف أو أدخل "0" إذا كان لا يستخدم السعوط/التمباك/السفه يوميا.
A104: integer | B104: T14aw | D104: (.>=0 and .<=350) or .=777 | E104: yes | F104: ${T13} = '2' or ${T14a} = '0' | I104: T14aw. En moyenne, combien de fois par semaine consommez-vous le tabac à priser (voie orale), Kala/ Shama ? | J104: Le nombre doit être entre 0 et 350. | K104: Saisir «777» si inconnu OU saisir «0» si le répondant ne consomme pas de tabac à priser (voie orale), Kala/ Shama chaque semaine. | N104: T14aw. ما هو معدل استهلاكك الاسبوعي لهذه الانواع : نفحه بالفم ( الشمه / الكاله) ؟ | O104: يجب أن يكون الرقم بين 0 و 350 | P104: أدخل '777' إذا كان المجيب لا يعرف أو أدخل "0" إذا كان لا يستخدم السعوط/التمباك/السفه اسبوعيا
A105: integer | B105: T14b | D105: (.>=0 and .<=50) or .=77 | E105: yes | F105: ${T13} = '1' | I105: T14b. En moyenne, combien de fois par jour consommez-vous le tabac à priser (voie nasale)? | J105: Le nombre doit être entre 0 et 50. | K105: Saisir «77» si inconnu OU saisir «0» si le répondent ne consomme pas de tabac à priser (voie nasale) chaque jour. | N105: T14b. ما هو معدل استهلاكك اليومي نفحه بالانف؟ | O105: يجب أن يكون الرقم بين 0 و 50 | P105: أدخل '77' إذا كان المجيب لا يعرف أو أدخل "0" إذا كان لا يستخدم اانشوق بالانف يوميا.
A106: integer | B106: T14bw | D106: (.>=0 and .<=350) or .=777 | E106: yes | F106: ${T13} = '2' or ${T14b} = '0' | I106: T14bw. En moyenne, combien de fois par semaine consommez-vous le tabac à priser (voie nasale)? | J106: Le nombre doit être entre 0 et 350. | K106: Saisir «777» si inconnu OU saisir «0» si le répondant ne consomme pas de tabac à priser (voie nasale) chaque semaine. | N106: T14bw. ما هو معدل استهلاكك الاسبوعي نفحه بالانف؟ | O106: يجب أن يكون الرقم بين 0 و 350 | P106: أدخل '777' إذا كان المجيب لا يعرف أو أدخل "0" إذا كان لا يستخدم النشوق بالانف اسبوعيا
A107: integer | B107: T14c | D107: (.>=0 and .<=50) or .=77 | E107: yes | F107: ${T13} = '1' | I107: T14c. En moyenne, combien de fois par jour consommez-vous le tabac à mâcher? | J107: Le nombre doit être entre 0 et 50. | K107: Saisir «77» si inconnu OU saisir «0» si le répondent ne consomme pas de tabac à mâcher chaque jour. | N107: T14c. ما هو معدل استهلاكك اليومي للمضغه ؟ | O107: يجب أن يكون الرقم بين 0 و 50 | P107: أدخل '77' إذا المجيب لا يعرف أو أدخل "0" إذا كان لا يستخدم االمضغه يوميا.
A108: integer | B108: T14cw | D108: (.>=0 and .<=350) or .=777 | E108: yes | F108: ${T13} = '2' or ${T14c} = '0' | I108: T14cw. En moyenne, combien de fois par semaine consommez-vous le tabac à mâcher? | J108: Le nombre doit être entre 0 et 350. | K108: Saisir «777» si inconnu OU saisir «0» si le répondant ne consomme pas de tabac à mâcher chaque semaine. | N108: T14cw.ما هو معدل استهلاكك الاسبوعي للمضغه ؟ | O108: يجب أن يكون الرقم بين 0 و 350 | P108: أدخل '777' إذا كان المجيب لا يعرف أو أدخل "0" إذا كان لا يستخدم المضغه اسبوعيا
A109: integer | B109: T14e | D109: (.>=0 and .<=50) or .=77 | E109: yes | F109: ${T13} = '1' | I109: T14e. En moyenne, combien de fois par jour consommez-vous d`autres? | J109: Le nombre doit être entre 0 et 50. | K109: Saisir «77» si inconnu OU saisir «0» si le répondant ne consomme pas d'autre produit quotidiennement. | N109: T14e.ما هو معدل استهلاكك االيومي للانواع الاخري من منتجات التبغ غير المدخن؟ | O109: يجب أن يكون الرقم بين 0 و 50 | P109: أدخل '77' إذا كان المجيب لا يعرف أو أدخل "0" إذا كان لا يستخدم منتجات اخرى من التبغ غير المدخن يوميا.
A110: integer | B110: T14ew | D110: (.>=0 and .<=350) or .=777 | E110: yes | F110: ${T13} = '2' or ${T14e} = '0' | I110: T14ew. En moyenne, combien de fois par semaine consommez-vous d`autres? | J110: Le nombre doit être entre 0 et 350. | K110: Saisir «777» si inconnu OU saisir «0» si le répondant ne consomme pas d'autre produit chaque semaine. | N110: T14ew. ما هو معدل استهلاكك االاسبوعي للانواع الاخري من منتجات التبغ غير المدخن؟ | O110: يجب أن يكون الرقم بين 0 و 350 | P110: أدخل '777' إذا كان المجيب لا يعرف أو أدخل "0" إذا كان لا يستخدم منتجات اخرى من التبغ غير المدخن اسبوعيا
...

Sheet choices
A1: list name | B1: name | C1: label::Arabic | D1: label::Français
A3: y_n | B3: 1 | C3: نعم | D3: Oui
A4: y_n | B4: 2 | C4: لا | D4: Non
A6: lang | B6: 1 | C6: العربيه | D6: Arabe
A7: lang | B7: 2 | C7: الفرنسيه | D7: Français
A8: lang | B8: 3 | C8: أخرى | D8: Autre
A10: m_f | B10: 1 | C10: ذكر | D10: Homme
A11: m_f | B11: 2 | C11: انثي | D11: Femme
A13: edu | B13: 1 | C13: لم يلتحق بأي مدرسه | D13: Aucune instruction officielle
A14: edu | B14: 2 | C14: المرحله الابتدائيه | D14: Ecole primaire
A15: edu | B15: 3 | C15: المرحله الاعداديه | D15: Collège
A16: edu | B16: 4 | C16: المرحله الثانويه | D16: Lycée
A17: edu | B17: 5 | C17: دراسات جامعيه او ما يعادل | D17: Ecole supérieure / université
... A35: work | B35: 88 | C35: رفض الإجابة | D35: Refus
A37: time | B37: week | C37: اسبوع | D37: Semaine
A38: time | B38: month | C38: شهر | D38: Mois
A39: time | B39: year | C39: سنة | D39: Année
A40: time | B40: 77 | C40: لا أعلم | D40: Ne sait pas
A41: time | B41: 88 | C41: رفض الإجابة | D41: Refus
A43: quin | B43: 1 | C43: اقل من 3000 | D43: < 3000
A44: quin | B44: 2 | C44: من 3000 الي 5999 درهم | D44: ≥ 3000 et ≤ 5999
A45: quin | B45: 3 | C45: من 6000 الي 9999 درهم | D45: ≥ 6000 et ≤ 9 999
A46: quin | B46: 4 | C46: من 10000 الي 15999 درهم | D46: ≥ 10 000 et ≤ 15 999
A47: quin | B47: 5 | C47: من 16000 الي 25000 درهم | D47: ≥ 16 000 et ≤ 25 000
A48: quin | B48: 6 | C48: اكثر من 25000 درهم | D48: Plus de 25 000
A49: quin | B49: 77 | C49: لا أعلم | D49: Ne sait pas
A50: quin | B50: 88 | C50: رفض الإجابة | D50: Refusé
A52: time2 | B52: years | C52: سنوات | D52: Années
A53: time2 | B53: months | C53: شهور | D53: Mois
A54: time2 | B54: weeks | C54: اسابيع | D54: Semaines
A55: time2 | B55: 77 | C55: لا أعلم | D55: Ne sait pas
A57: dk | B57: 77 | C57: لا أعلم | D57: Ne sait pas
A59: quit | B59: 1 | C59: نعم | D59: Oui
A60: quit | B60: 2 | C60: لا | D60: Non
A61: quit | B61: 3 | C61: لا زيارات خلال الاثني عشر شهرا الماضية | D61: Pas de visite au cours des 12 derniers mois
A63: yn_dk | B63: 1 | C63: نعم | D63: Oui
A64: yn_dk | B64: 2 | C64: لا | D64: Non
A65: yn_dk | B65: 3 | C65: لا أعمل فى مكان مغلق | D65: Ne travaille pas dans une zone fermée
A67: y_n_dk | B67: 1 | C67: نعم | D67: Oui
A68: y_n_dk | B68: 2 | C68: لا | D68: Non
A69: y_n_dk | B69: 77 | C69: لا أعلم | D69: Ne sait pas
A71: warn | B71: 1 | C71: نعم | D71: Oui
... A155: cuff | B155: 3 | C155: كبير | D155: Large
A157: time_dd | B157: 01 | C157: 01 | D157: 01
A158: time_dd | B158: 02 | C158: 02 | D158: 02
A159: time_dd | B159: 03 | C159: 03 | D159: 03
A160: time_dd | B160: 04 | C160: 04 | D160: 04
A161: time_dd | B161: 05 | C161: 05 | D161: 05
A162: time_dd | B162: 06 | C162: 06 | D162: 06
A163: time_dd | B163: 07 | C163: 07 | D163: 07
A164: time_dd | B164: 08 | C164: 08 | D164: 08
A165: time_dd | B165: 09 | C165: 09 | D165: 09
A166: time_dd | B166: 10 | C166: 10 | D166: 10
A167: time_dd | B167: 11 | C167: 11 | D167: 11
A168: time_dd | B168: 12 | C168: 12 | D168: 12
... A202: time_mm | B202: 77 | C202: لا أعلم | D202: Ne sait pas
A204: =IF(OR(B204="", B204="Formula"),"","time_yyyy") -> time_yyyy | B204: =YEAR(TODAY())-survey!G9-1 -> 1898 | C204: =IF(B204=7777,"لا أعرف",B204) -> 1898 | D204: =IF(B204=7777,"Ne sait pas",B204) -> 1898
A205: =IF(OR(B205="", B205="Formula"),"","time_yyyy") -> time_yyyy | B205: =IF(COUNT(B$204:B204)>(survey!G$9-survey!G$8+2),IF(COUNTIF(B$204:B204,7777)=0,7777,"Formula"),B204+1) -> 1899 | C205: =IF(B205=7777,"لا أعرف",B205) -> 1899 | D205: =IF(B205=7777,"Ne sait pas",B205) -> 1899
A206: =IF(OR(B206="", B206="Formula"),"","time_yyyy") -> time_yyyy | B206: =IF(COUNT(B$204:B205)>(survey!G$9-survey!G$8+2),IF(COUNTIF(B$204:B205,7777)=0,7777,"Formula"),B205+1) -> 1900 | C206: =IF(B206=7777,"لا أعرف",B206) -> 1900 | D206: =IF(B206=7777,"Ne sait pas",B206) -> 1900
A207: =IF(OR(B207="", B207="Formula"),"","time_yyyy") -> time_yyyy | B207: =IF(COUNT(B$204:B206)>(survey!G$9-survey!G$8+2),IF(COUNTIF(B$204:B206,7777)=0,7777,"Formula"),B206+1) -> 1901 | C207: =IF(B207=7777,"لا أعرف",B207) -> 1901 | D207: =IF(B207=7777,"Ne sait pas",B207) -> 1901
A208: =IF(OR(B208="", B208="Formula"),"","time_yyyy") -> time_yyyy | B208: =IF(COUNT(B$204:B207)>(survey!G$9-survey!G$8+2),IF(COUNTIF(B$204:B207,7777)=0,7777,"Formula"),B207+1) -> 1902 | C208: =IF(B208=7777,"لا أعرف",B208) -> 1902 | D208: =IF(B208=7777,"Ne sait pas",B208) -> 1902
A209: =IF(OR(B209="", B209="Formula"),"","time_yyyy") -> time_yyyy | B209: =IF(COUNT(B$204:B208)>(survey!G$9-survey!G$8+2),IF(COUNTIF(B$204:B208,7777)=0,7777,"Formula"),B208+1) -> 1903 | C209: =IF(B209=7777,"لا أعرف",B209) -> 1903 | D209: =IF(B209=7777,"Ne sait pas",B209) -> 1903
A210: =IF(OR(B210="", B210="Formula"),"","time_yyyy") -> time_yyyy | B210: =IF(COUNT(B$204:B209)>(survey!G$9-survey!G$8+2),IF(COUNTIF(B$204:B209,7777)=0,7777,"Formula"),B209+1) -> 1904 | C210: =IF(B210=7777,"لا أعرف",B210) -> 1904 | D210: =IF(B210=7777,"Ne sait pas",B210) -> 1904
A211: =IF(OR(B211="", B211="Formula"),"","time_yyyy") -> time_yyyy | B211: =IF(COUNT(B$204:B210)>(survey!G$9-survey!G$8+2),IF(COUNTIF(B$204:B210,7777)=0,7777,"Formula"),B210+1) -> 1905 | C211: =IF(B211=7777,"لا أعرف",B211) -> 1905 | D211: =IF(B211=7777,"Ne sait pas",B211) -> 1905
A212: =IF(OR(B212="", B212="Formula"),"","time_yyyy") -> time_yyyy | B212: =IF(COUNT(B$204:B211)>(survey!G$9-survey!G$8+2),IF(COUNTIF(B$204:B211,7777)=0,7777,"Formula"),B211+1) -> 1906 | C212: =IF(B212=7777,"لا أعرف",B212) -> 1906 | D212: =IF(B212=7777,"Ne sait pas",B212) -> 1906
A213: =IF(OR(B213="", B213="Formula"),"","time_yyyy") -> time_yyyy | B213: =IF(COUNT(B$204:B212)>(survey!G$9-survey!G$8+2),IF(COUNTIF(B$204:B212,7777)=0,7777,"Formula"),B212+1) -> 1907 | C213: =IF(B213=7777,"لا أعرف",B213) -> 1907 | D213: =IF(B213=7777,"Ne sait pas",B213) -> 1907
A214: =IF(OR(B214="", B214="Formula"),"","time_yyyy") -> time_yyyy | B214: =IF(COUNT(B$204:B213)>(survey!G$9-survey!G$8+2),IF(COUNTIF(B$204:B213,7777)=0,7777,"Formula"),B213+1) -> 1908 | C214: =IF(B214=7777,"لا أعرف",B214) -> 1908 | D214: =IF(B214=7777,"Ne sait pas",B214) -> 1908
A215: =IF(OR(B215="", B215="Formula"),"","time_yyyy") -> time_yyyy | B215: =IF(COUNT(B$204:B214)>(survey!G$9-survey!G$8+2),IF(COUNTIF(B$204:B214,7777)=0,7777,"Formula"),B214+1) -> 1909 | C215: =IF(B215=7777,"لا أعرف",B215) -> 1909 | D215: =IF(B215=7777,"Ne sait pas",B215) -> 1909
A216: =IF(OR(B216="", B216="Formula"),"","time_yyyy") -> time_yyyy | B216: =IF(COUNT(B$204:B215)>(survey!G$9-survey!G$8+2),IF(COUNTIF(B$204:B215,7777)=0,7777,"Formula"),B215+1) -> 1910 | C216: =IF(B216=7777,"لا أعرف",B216) -> 1910 | D216: =IF(B216=7777,"Ne sait pas",B216) -> 1910
... A309: =IF(OR(B309="", B309="Formula"),"","time_yyyy") -> time_yyyy | B309: =IF(COUNT(B$204:B308)>(survey!G$9-survey!G$8+2),IF(COUNTIF(B$204:B308,7777)=0,7777,"Formula"),B308+1) -> 7777 | C309: =IF(B309=7777,"لا أعرف",B309) -> لا أعرف | D309: =IF(B309=7777,"Ne sait pas",B309) -> Ne sait pas

Sheet settings
A1: title | B1: form_id | C1: instance_name
A2: Questionnaire Maroc 2017 (STEP 1-2) | B2: mar1 | C2: pulldata('STEPS','form_name','hhid_key','1')
